 Dungeon Crawl Stone Soup version 0.23-a0-550-g7de1f8e (webtiles) character file.

34 Lavandula the Cutter (level 3, -1/21 HPs)
             Began as a Halfling Enchanter on Dec 9, 2018.
             Slain by an adder (2 damage)
             ... on level 2 of the Dungeon.
             The game lasted 00:02:21 (545 turns).

Lavandula the Cutter (Halfling Enchanter)            Turns: 545, Time: 00:02:22

Health: -1/21      AC:  2    Str:  9    XL:     3   Next: 50%
Magic:  2/5        EV: 15    Int: 14    God:
Gold:   35         SH:  0    Dex: 16    Spells: 2/5 levels left

rFire    . . .     SeeInvis .   a - +1 dagger
rCold    . . .     Gourm    .   (shield restricted)
rNeg     . . .     Faith    .   b - +0 robe
rPois    .         Spirit   .   (no helmet)
rElec    .         Reflect  .   (no cloak)
rCorr    .         Harm     .   (no gloves)
MR       .....                  (no boots)
Stlth    ++........             (no amulet)
HPRegen  0.07/turn              c - +2 ring of dexterity
MPRegen  0.09/turn              (no ring)

@: lethally poisoned (-1 -> -4), very slightly contaminated
A: small, mutation resistance 1
a: no special abilities


You were on level 2 of the Dungeon.
You were not hungry.

You visited 1 branch of the dungeon, and saw 2 of its levels.

You collected 35 gold pieces.

Inventory:

Hand Weapons
 a - a +1 dagger (weapon)
Armour
 b - a +0 robe (worn)
Jewellery
 c - a +2 ring of dexterity (left hand)
Scrolls
 e - 3 scrolls of identify {unknown}
 f - 2 scrolls of remove curse {unknown}
Comestibles
 d - 3 rations


   Skills:
 - Level 3.8 Short Blades
 - Level 2.1 Dodging
 - Level 3.2 Stealth
 - Level 1.5 Spellcasting
 - Level 2.4 Hexes


You had 2 spell levels left.
You knew the following spells:

 Your Spells              Type           Power        Failure   Level  Hunger
a - Corona                Hex            #......      10%         1    ##.....
b - Ensorcelled Hibernat  Hex/Ice        #.....       22%         2    ###....

Your spell library contained the following spells:

 Spells                   Type           Power        Failure   Level  Hunger
 Confuse                  Hex            #.......     28%         3    ####...
 Tukima's Dance           Hex            #.......     28%         3    ####...
 Dazzling Spray           Conj/Hex       #.....       41%         3    ####...


Dungeon Overview and Level Annotations

Branches:
Dungeon (2/15)

Altars:

Annotations:
D:2 exclusions: goblin and jackal


Innate Abilities, Weirdness & Mutations

You are small and have problems with some larger weapons.
You are somewhat resistant to further mutation.


Message History

Unknown command.
You closely miss the adder.
The adder is severely wounded.
The adder closely misses you.
Unknown command.
You hit the adder.
The adder is severely wounded.
The adder closely misses you.
Unknown command.
You hit the adder but do no damage.
The adder is severely wounded.
The adder bites you but does no damage.
Unknown command.
You aren't carrying any items that you can evoke.
Unknown command.
You closely miss the adder.
The adder is severely wounded.
* * * LOW HITPOINT WARNING * * *
You feel sick. The adder bites you.
You die...

..$.# #.##.......#.#..#
..#..##..........#...#
.........###.###....#
...............#....#####
........................######
....!.........##...####÷.....##
.........###).##.÷...##....#..#
.........# ##.h###.#.##....##.#
.........#
##hS@....<........###
.........# #g##.#.............#
.........# #.##...###....#..###
##...g.### #..#..####....#.####
###...# #####....###.....#.....
#...)...###............
............†.............
.......................<..
........................(.


You could see an adder, 2 jackals and a goblin.

Vanquished Creatures
  An adder (D:2)
  A worm (D:2)
  A dart slug (D:1)
  A giant cockroach (D:2)
  2 goblins (D:2)
  3 hobgoblins
  2 jackals (D:1)
  4 bats
  3 frilled lizards
  A kobold (D:2)
  A rat (D:1)
20 creatures vanquished.

Notes
Turn   | Place    | Note
-------+----------+-------------------------------------------
     0 | D:1      | Lavandula the Halfling Enchanter began the quest for the
                  | Orb.
     0 | D:1      | Reached XP level 1. HP: 11/11 MP: 3/3
    88 | D:2      | Reached XP level 2. HP: 17/17 MP: 4/4
   269 | D:1      | Reached XP level 3. HP: 8/21 MP: 3/5
   278 | D:1      | Learned a level 2 spell: Ensorcelled Hibernation
   545 | D:2      | HP: 1/21 [poisoned by an adder]
   545 | D:2      | Slain by an adder

Vault maps used:
D:1:      dpeg_arrival_boxes_within_box

Skill      XL: |  1  2 |
---------------+-------+-----
Short Blades   | 2 3 |  3.8
Dodging        | |  2.1
Stealth        | |  3.2
Spellcasting   | |  1.5
Hexes          | |  2.4

Action                   || total
-------------------------++-------
Melee: Dagger            ||    74
 Cast: Corona            ||     3
       Ensorcelled Hiber ||     5
 Stab: Sleeping          ||    10
Armor: Robe              ||    11
Dodge: Dodged            ||    48

Table legend:
 A = Non-vault XP
 B = Vault XP
 C = Vault XP percentage of total XP
 D = Non-vault monster count
 E = Vault monster count
 F = Vault count percentage of total count
                 A         B        C        D         E       F
            +---------+---------+-------+---------+---------+-------
      Total |      49 |       0 |   0.0 |      20 |       0 |   0.0
            +---------+---------+-------+---------+---------+-------
        D:1 |      17 |       0 |   0.0 |      10 |       0 |   0.0
        D:2 |      32 |       0 |   0.0 |      10 |       0 |   0.0
            +---------+---------+-------+---------+---------+-------
